[Event "*** Titled Tuesday Blitz"]
[Site "Chess.com"]
[Date "2021.02.09"]
[Round "7"]
[White "Loy_Konstantin"]
[Black "Agibileg"]
[Result "0-1"]
[WhiteElo "2378"]
[BlackElo "2507"]
[TimeControl "180+1"]
[EndTime "11:18:44 PST"]
[Termination "Agibileg won on time"]

1. e4 c5 2. Nf3 e6 3. d3 Nc6 4. g3 d6 5. Bg2 Nf6 6. O-O Be7 7. Re1 O-O 8. c3 e5 9. d4 exd4 10. cxd4 Bg4 11. dxc5 dxc5 12. Qxd8 Raxd8 13. Nc3 Nb4 14. Rb1 Nc2 15. Rf1 Nd4 16. Nxd4 cxd4 17. Nd5 Nxd5 18. exd5 Bb4 19. a3 Ba5 20. b4 Bb6 21. Bd2 Rfe8 22. Rfe1 Bf5 23. Rxe8+ Rxe8 24. Re1 Rxe1+ 25. Bxe1 Kf8 26.
Bd2 Ke7 27. Kf1 Bd3+ 28. Ke1 f5 29. Bf4 Be4 30. Bxe4 fxe4 31. Be5 g6 32. Kd2 a6 33. g4 Kd7 34. h3 Ba7 35. a4 Bb6 36. b5 axb5 37.
axb5 Ba5+ 38. Ke2 Bc3 39. Bf4 Bb2 40. Kd2 h5 41. Ke2 Ba3 42. Be5 Bc5 43. Kd2 Bb4+ 44. Ke2 Bc3 45. Bf4 Ke7 46. Bg3 Kf6 47. Bf4 hxg4 48.
hxg4 Bb2 49. Kd2 Ba1 50. Ke2 Bc3 51. Kd1 d3 52. Bd2 Bd4 0-1

[Event "*** Titled Tuesday Blitz"]
[Site "Chess.com"]
[Date "2021.02.09"]
[Round "7"]
[White "PushingpawnsNYC"]
[Black "HouseOfDurin"]
[Result "1-0"]
[WhiteElo "2315"]
[BlackElo "2108"]
[TimeControl "180+1"]
[EndTime "11:18:44 PST"]
[Termination "PushingpawnsNYC won on time"]

1. e4 c5 2. Nc3 Nc6 3. Bb5 g6 4. Bxc6 dxc6 5. f4 Bg7 6. d3 e5 7. fxe5 Bxe5 8. Nf3 Bg4 9. O-O Ne7 10. Qe1 Bg7 11. Qh4 h5 12. Bg5 Qd7 13. Bf6 Bxf6 14. Qxf6 O-O 15. Ne5 Qe6 16. Nxg4 hxg4 17. Qh4 Kg7 18.
Rf4 f5 19. Qg5 Qf6 20. Qxf6+ Kxf6 21. exf5 gxf5 22. Raf1 Kg5 23. Ne4+ Kg6 24. Nxc5 Nd5 25. Rd4 Rfe8 26. c4 Ne3 27. Rd6+ Kg5 28. Ne6+ Rxe6 29.
Rxe6 Nxf1 30. Kxf1 Rd8 31. Ke2 Rd7 32. g3 Rh7 33. Ke3 Rxh2 34. b4 Rxa2 35. Re7 b5 36. Rg7+ Kf6 37. Rc7 bxc4 38. Rxc6+ Kg5 39. dxc4 Ra3+ 40.
Kf2 Rf3+ 41. Kg2 f4 42. Rc5+ Kf6 43. gxf4 Rxf4 44. Kg3 Rd4 45. b5 1-0

[Event "*** Titled Tuesday Blitz"]
[Site "Chess.com"]
[Date "2021.02.09"]
[Round "7"]
[White "Kapibara_Warri0r"]
[Black "SanQui14"]
[Result "0-1"]
[WhiteElo "2202"]
[BlackElo "2456"]
[TimeControl "180+1"]
[EndTime "11:18:45 PST"]
[Termination "SanQui14 won on time"]

1. d4 Nf6 2. Nf3 g6 3. Bf4 Bg7 4. e3 d6 5. h3 O-O 6. Be2 b6 7. Bh2 Bb7 8. O-O a5 9. Nbd2 Nbd7 10. c4 Re8 11. a3 e5 12. b4 axb4 13. axb4 Rxa1 14.
Qxa1 exd4 15. Nxd4 Qe7 16. Bf3 Bxf3 17. N2xf3 Ne5 18.
Nxe5 dxe5 19. Nc6 Qe6 20. b5 Qxc4 21. Bxe5 Nh5 22. Bxg7 Nxg7 23. Rb1 Nf5 24. Ne5 Qe2 25. Ng4 Re6 26. Rb2 Qc4 27. Ra2 Kf8 28. Ra8+ Ke7 29.
Qh8 Kd6 30. Qf8+ Re7 31. Qd8+ Kc5 32. Nf6 Kxb5 33. g4 Qc1+ 34. Kh2 Qc6 35. gxf5 Qxf6 36. Qd3+ Kc6 37. Qc4+ Kb7 38. Qa6+ Kc6 39. Qc4+ Kd7 40. Qd5+ Qd6+ 41. Qxd6+ Kxd6 42. Rd8+ Rd7 0-1

[Event "*** Titled Tuesday Blitz"]
[Site "Chess.com"]
[Date "2021.02.09"]
[Round "7"]
[White "AndrewMaco"]
[Black "KyronGriffith"]
[Result "0-1"]
[WhiteElo "2668"]
[BlackElo "2524"]
[TimeControl "180+1"]
[EndTime "11:18:47 PST"]
[Termination "KyronGriffith won by checkmate"]

1. e4 c5 2. Nf3 d6 3. d4 cxd4 4.
Nxd4 Nf6 5. Nc3 a6 6. f3 e6 7. Be3 h5 8. Bc4 Be7 9. a4 b6 10. Qe2 Qc7 11. O-O h4 12. Bb3 Nc6 13.
Qf2 Rb8 14. Rad1 Na5 15. Rfe1 Nxb3 16. Nxb3 h3 17. g4 Nd7 18. Bd4 Bh4 19. Qd2 Bxe1 20.
Rxe1 Ne5 21. Rf1 b5 22. axb5 axb5 23. Qg5 f6 24. Qd2 b4 25. Nd1 Ba6 26. Rf2 Bc4 27. Ne3 Bxb3 28. cxb3 Rc8 29. Bxe5 Qc1+ 30. Qxc1 Rxc1+ 31. Rf1 Rxf1+ 32. Kxf1 fxe5 33. Kf2 Kd7 34. Kg3 Kc6 35. Nc4 Kc5 36. g5 g6 37. Kg4 Rh5 38. Ne3 d5 39. Nf1 Rh8 40. Ne3 Rf8 41. Kg3 Rf4 42. Ng4 Rxg4+ 43. Kxg4 Kd4 44. exd5 exd5 45.
Kxh3 Ke3 46. Kg2 d4 47. h4 d3 48. h5 d2 49. hxg6 d1=Q 50. g7 Qxf3+ 51. Kh2 Qf4+ 52. Kh3 Qxg5 53. g8=Q Qxg8 54. Kh4 Kf4 55. Kh5 Qh7# 0-1

[Event "*** Titled Tuesday Blitz"]
[Site "Chess.com"]
[Date "2021.02.09"]
[Round "7"]
[White "SARGISMV"]
[Black "markowskitomasz"]
[Result "1-0"]
[WhiteElo "2451"]
[BlackElo "2588"]
[TimeControl "180+1"]
[EndTime "11:18:49 PST"]
[Termination "SARGISMV won on time"]

1. b3 c5 2. Bb2 Nf6 3. Nf3 g6 4. e3 Bg7 5. c4 O-O 6. Nc3 d5 7.
cxd5 Nxd5 8. Rc1 Nc6 9. Bc4 Ndb4 10. O-O Nd3 11. Bxd3 Qxd3 12. Ba1 Bg4 13. h3 Bf5 14.
Ne1 Qd7 15. Qe2 Rfd8 16. Rd1 Nb4 17. e4 Be6 18. e5 Nc6 19. f4 Nd4 20. Qf2 Bf5 21.
g4 Be6 22. Nf3 Rac8 23. Ne4 Bd5 24. d3 Nxb3 25. axb3 Bxe4 26. e6 fxe6 27. dxe4 Qxd1 28. Bxg7 Qd3 29. Be5 Qxe4 30. Qh4 Qe3+ 31. Rf2 Rd1+ 32. Kg2 Rf8 33. Qxe7 Rf7 34. Qe8+ Rf8 35. Qxe6+ Rf7 36. Ng5 Rg1+ 37. Kxg1 Qg3+ 38. Rg2 Qe1+ 39. Kh2 1-0

[Event "*** Titled Tuesday Blitz"]
[Site "Chess.com"]
[Date "2021.02.09"]
[Round "7"]
[White "bylavochka"]
[Black "Mbneu"]
[Result "0-1"]
[WhiteElo "2089"]
[BlackElo "2286"]
[TimeControl "180+1"]
[EndTime "11:18:50 PST"]
[Termination "Mbneu won by checkmate"]

1. e4 c5 2. Nf3 Nf6 3. d4 Nxe4 4.
Bd3 d5 5. Qe2 Nf6 6. dxc5 Bg4 7.
b4 Nc6 8. c3 e6 9. Bg5 Be7 10.
O-O O-O 11. Qe3 Bxf3 12. Qxf3 Ne5 13. Qg3 Nxd3 14. Qxd3 b6 15. cxb6 axb6 16. Nd2 Qd7 17. a3 Qc7 18. c4 dxc4 19. Qxc4 Qxc4 20. Nxc4 b5 21. Ne5 Rfc8 22. h3 h6 23. Be3 Rc3 24. Rfc1 Nd5 25. Rxc3 Nxc3 26. Nc6 Bf6 27. Bd4 Ne2+ 28.
Kf1 Nxd4 29. Nxd4 Bxd4 30. Ra2 e5 31. Ke2 f5 32. Kd3 Kf7 33. f4 Ke6 34. fxe5 Bxe5 35. Ke3 Rc8 36. Kf2 Kd5 37. Rd2+ Bd4+ 38. Kf3 g5 39. Ke2 Rc3 40. Ra2 Kc4 41. g4 f4 42.
h4 f3+ 43. Kf1 gxh4 44. Ra1 Kb3 45. Rb1+ Ka2 46. g5 Kxb1 47. a4 Rc1# 0-1

[Event "*** Titled Tuesday Blitz"]
[Site "Chess.com"]
[Date "2021.02.09"]
[Round "7"]
[White "chescomhuynya"]
[Black "Anurag328"]
[Result "1-0"]
[WhiteElo "2508"]
[BlackElo "2638"]
[TimeControl "180+1"]
[EndTime "11:18:51 PST"]
[Termination "chescomhuynya won by resignation"]

1. d4 g6 2. c4 Bg7 3. e4 e6 4.
Nc3 Ne7 5. Nf3 d5 6. cxd5 exd5 7. e5 Nbc6 8. Be2 O-O 9. O-O f6 10. exf6 Bxf6 11. h3 Nf5 12. Re1 Ncxd4 13. Nxd4 Bxd4 14. Bf3 c6 15. Ne2 Bg7 16. Nf4 Bd7 17. Bg4 Qf6 18. Qb3 Nd4 19. Qxb7 Bxg4 20. hxg4 Nc2 21.
Re6 Qd4 22. Rb1 Qd1+ 23. Kh2 Qxg4 24. Re7 Qh4+ 25. Nh3 Bf6 26. Re6 Nd4 27. Re1 Rae8 28.
Bf4 Bg7 29. Bg3 Qg4 30. Qxa7 Nf5 31. Qd7 Rxe1 32. Rxe1 h5 33. Qxc6 h4 34. Be5 Nd4 35.
Bxd4 Bxd4 36. Qxd5+ Kh8 37. Re4 Qd1 38. Qxd4+ Qxd4 39. Rxd4 Rc8 40. Rxh4+ Kg7 41. Rb4 Rc2 42. a4 Rd2 43. a5 Rd5 44. Ra4 Rb5 45. a6 Rb8 46.
a7 Ra8 47. b4 Kf6 48. b5 Rxa7 49. Rxa7 1-0

[Event "*** Titled Tuesday Blitz"]
[Site "Chess.com"]
[Date "2021.02.09"]
[Round "7"]
[White "manitodeplomo"]
[Black "ukchessbomber"]
[Result "1-0"]
[WhiteElo "2631"]
[BlackElo "2431"]
[TimeControl "180+1"]
[EndTime "11:18:52 PST"]
[Termination "manitodeplomo won on time"]

1. d4 Nf6 2. c4 g6 3. Nc3 Bg7 4. e4 d6 5. Be2 O-O 6. Nf3 e5 7. d5 Nh5 8. g3 Qe8 9. Nh4 Nf6 10. O-O a5 11. Be3 b6 12. a3 Na6 13. f3 Bd7 14. b3 h6 15. Rb1 Nh7 16. Qd2 f5 17. Bxh6 f4 18. Bxg7 Kxg7 19. b4 axb4 20. axb4 Ng5 21. g4 Rh8 22. Ng2 Rh3 23. Rf2 Qh8 24. Ne1 Qh6 25.
Bf1 Rh4 26. Ra1 Bc8 27. b5 Bb7 28. bxa6 Bc8 29. a7 Bb7 30. Nb5 Nxe4 31. fxe4 Rxg4+ 32.
Rg2 Rh4 33. Nf3 Rh3 34. Ng5 Re3 35. Nxc7 Kf6 36. Nxa8 Bxa8 37. Qf2 Qh5 38. Re1 Ra3 39. Be2 Qh6 40. h4 Rxa7 41. Rg4 Bb7 42. Qxb6 Bc8 43.
Qxd6+ Kg7 44. Qxe5+ Kf8 45. Rxf4+ Rf7 46. Rxf7+ Kg8 47.
Qe8+ 1-0

[Event "*** Titled Tuesday Blitz"]
[Site "Chess.com"]
[Date "2021.02.09"]
[Round "7"]
[White "nochewycandy"]
[Black "Eternauta2400"]
[Result "1-0"]
[WhiteElo "2642"]
[BlackElo "2377"]
[TimeControl "180+1"]
[EndTime "11:18:52 PST"]
[Termination "nochewycandy won on time"]

1. e4 c5 2. Nf3 Nc6 3. d4 cxd4 4. Nxd4 g6 5. Nc3 Bg7 6. Be3 Nf6 7. Bc4 O-O 8. Bb3 d6 9. f3 Bd7 10. h4 Nxd4 11.
Bxd4 Bc6 12. h5 Nxh5 13. g4 Nf4 14. Qd2 Bxd4 15. Qxd4 e5 16. Qd2 Kg7 17. O-O-O h6 18. Ne2 Nxe2+ 19. Qxe2 a5 20. a3 b5 21. Bd5 Qg5+ 22.
Kb1 Bxd5 23. Rxd5 b4 24. a4 Rfd8 25. Rhd1 Qe7 26. Qe3 Qd7 27. b3 Ra6 28. g5 h5 29. f4 exf4 30. Qxf4 Qe7 31. Qf1 Rc6 32. Qd3 Rdc8 33. Rd2 Rc5 34. Rxd6 Qxg5 35. Rd7 Re8 36. Ka2 Rce5 37. Qc4 R8e7 38. Rd8 Rxe4 39. Qc8 Kf6 40.
Rf2+ Rf4 41. Rd6+ Re6 42. Qd8+ Ke5 43. Qxg5+ Kxd6 44. Qxf4+ Re5 45. Qxf7 Rf5 46. Rxf5 gxf5 47. Qxf5 1-0

[Event "*** Titled Tuesday Blitz"]
[Site "Chess.com"]
[Date "2021.02.09"]
[Round "7"]
[White "sergeikim"]
[Black "Walter_White_Poland"]
[Result "1-0"]
[WhiteElo "2423"]
[BlackElo "2288"]
[TimeControl "180+1"]
[EndTime "11:18:52 PST"]
[Termination "sergeikim won by resignation"]

1. d4 Nf6 2. c4 e6 3. Nc3 Bb4 4. Qc2 c5 5. dxc5 O-O 6. Nf3 Na6 7.
Bd2 Nxc5 8. e3 b6 9. Be2 Bb7 10. O-O Rc8 11. Rfd1 a6 12. Be1 Bxc3 13. Bxc3 Nce4 14. Bb4 Re8 15. h3 d5 16. Qb3 a5 17. Be1 Ba6 18. Rac1 Nc5 19. Qa3 Qe7 20. b4 axb4 21. Bxb4 Bxc4 22. Bxc4 dxc4 23. Rxc4 Red8 24. Rdc1 Nd5 25. Bxc5 bxc5 26. Rxc5 Rxc5 27. Qxc5 Qxc5 28. Rxc5 Ra8 29. Rb5 f6 30. Nd4 Nc3 31. Rb7 e5 32.
Nf5 Rxa2 33. Rxg7+ Kf8 34. Rxh7 Ne4 35. f3 Ra1+ 36.
Kh2 Nc3 37. h4 Nd1 38. h5 Ra3 39. e4 Ne3 40. Nxe3 Rxe3 41. h6 Kg8 42. Rg7+ Kh8 43.
Rg6 Rb3 44. Rxf6 Rb5 45. Kg3 Kh7 46. Kg4 Ra5 47. Kg5 Ra2 48. Rf7+ Kg8 49. Rg7+ Kh8 50. g4 Rf2 51. Rf7 Rg2 52. Kg6 Rxg4+ 53. fxg4 1-0

[Event "*** Titled Tuesday Blitz"]
[Site "Chess.com"]
[Date "2021.02.09"]
[Round "7"]
[White "Mr_Sinigami"]
[Black "ural58"]
[Result "0-1"]
[WhiteElo "2636"]
[BlackElo "2504"]
[TimeControl "180+1"]
[EndTime "11:18:53 PST"]
[Termination "ural58 won on time"]

1. d4 d5 2. Nf3 Nc6 3. Bf4 Bg4 4.
Nbd2 e6 5. e3 Bd6 6. Bg3 f5 7.
a3 Qf6 8. Be2 f4 9. exf4 Bxf4 10. c3 Nge7 11. Ne5 Bxe2 12. Qxe2 Bxg3 13. hxg3 Nxe5 14.
dxe5 Qf5 15. g4 Qf4 16. g3 Qa4 17. f4 O-O-O 18. Nf3 Nc6 19. Rd1 d4 20. c4 Qb3 21.
Rd3 Qxc4 22. Kf2 h6 23. Qd2 Qb5 24. b4 g5 25. Rc1 gxf4 26. gxf4 Rhf8 27. Rc5 Qb6 28. Kg3 h5 29. g5 Ne7 30. Nxd4 Qa6 31. Nb5 Nf5+ 32. Kh3 c6 33. Nd6+ Kb8 34. b5 Qb6 35. Qc3 Nxd6 36. exd6 cxb5 37. d7 a6 38.
Qe5+ Ka7 39. Rd6 Qa5 40. Rc7 Qxa3+ 41. Kh4 Qf3 42. Rxa6+ Kxa6 43. Qd6+ Ka7 44. Qc5+ Kb8 0-1

[Event "*** Titled Tuesday Blitz"]
[Site "Chess.com"]
[Date "2021.02.09"]
[Round "7"]
[White "Chandradi"]
[Black "WPWPWP-2015"]
[Result "0-1"]
[WhiteElo "2330"]
[BlackElo "2482"]
[TimeControl "180+1"]
[EndTime "11:18:53 PST"]
[Termination "WPWPWP-2015 won by checkmate"]

1. Nf3 c5 2. e3 b6 3. b3 Bb7 4. Be2 Nf6 5. Bb2 g6 6. O-O Bg7 7. c4 O-O 8. Qc2 d5 9. cxd5 Nxd5 10. Bxg7 Kxg7 11. a3 Nc6 12. d3 e5 13. Nbd2 f5 14. Rac1 Rc8 15. Rfd1 Qf6 16. Qb2 Rce8 17. Ne1 h5 18.
Bf3 e4 19. Qxf6+ Nxf6 20. dxe4 fxe4 21. Be2 Ne5 22. Nc4 Nfg4 23. Nxe5 Nxe5 24. Rd2 h4 25. h3 Rf5 26. b4 Rg5 27. bxc5 bxc5 28. Kf1 Rc8 29.
Rdc2 c4 30. Kg1 Bd5 31. Rb1 Nf3+ 32. Kf1 Nh2+ 33. Kg1 Nf3+ 34. Kf1 Ne5 35. Rc3 Rf8 36. Rb5 Bc6 37. Rc5 Rgf5 38. Nc2 Rxf2+ 39. Ke1 Nd3+ 40. Kd2 Rxg2 41. Rxc6 Rff2 42. Nd4 Ne5 43. Rc7+ Kh6 44. Ke1 Nf3+ 45. Nxf3 exf3 46. Bxc4 Rb2 47. Rc1 Rg1+ 48. Bf1 f2+ 49. Kd1 Rxf1# 0-1

[Event "*** Titled Tuesday Blitz"]
[Site "Chess.com"]
[Date "2021.02.09"]
[Round "7"]
[White "SKLGgonkom"]
[Black "Heineccius"]
[Result "0-1"]
[WhiteElo "2361"]
[BlackElo "2568"]
[TimeControl "180+1"]
[EndTime "11:18:54 PST"]
[Termination "Heineccius won on time"]

1. Nf3 Nf6 2. c4 e6 3. g3 d5 4. Bg2 Be7 5. d4 O-O 6. Nc3 dxc4 7. Ne5 c5 8. dxc5 Qxd1+ 9. Nxd1 Bxc5 10. a3 Nc6 11.
Nxc4 Nd4 12. Rb1 Bd7 13. b4 Be7 14. Bb2 Bc6 15. f3 Rfd8 16. Na5 Rac8 17. Kf2 e5 18. Ne3 Rc7 19. Nxc6 Rxc6 20. f4 exf4 21. gxf4 Re6 22. Rhd1 Ne4+ 23. Kf1 Bf6 24. Ng4 Nc6 25. Nxf6+ gxf6 26. b5 Rxd1+ 27. Rxd1 Na5 28. Rd8+ Kg7 29. Rd7 Nc4 30.
Bd4 Ncd6 31. f5 Nxf5 32. Bxa7 b6 33. a4 Nc5 34. a5 Nxd7 35. a6 Ne3+ 36. Kf2 Nxg2 37.
Kxg2 Rxe2+ 38. Kf3 Ra2 39. Ke4 Kf8 40. Kd5 Ke7 41. Kc6 Rc2+ 42. Kb7 Rb2 43. Bxb6 Rxb5 44. a7 Rxb6+ 45. Kc7 Ra6 46. Kb7 Nc5+ 0-1

[Event "*** Titled Tuesday Blitz"]
[Site "Chess.com"]
[Date "2021.02.09"]
[Round "7"]
[White "JoachimMouhamad"]
[Black "Mikhail_Golubev"]
[Result "0-1"]
[WhiteElo "2382"]
[BlackElo "2530"]
[TimeControl "180+1"]
[EndTime "11:18:55 PST"]
[Termination "Mikhail_Golubev won on time"]

1. e4 c5 2. Nf3 d6 3. d4 Nf6 4. Nc3 cxd4 5. Nxd4 g6 6. Be3 Bg7 7. f3 Nc6 8. Qd2 O-O 9. O-O-O d5 10. exd5 Nxd5 11.
Nxc6 bxc6 12. Bd4 e5 13. Bc5 Be6 14. Ne4 Re8 15. h4 h6 16. g4 Nf4 17. Qc3 Bd5 18. g5 h5 19. Qa3 Qc7 20. Bd6 Qd7 21. Rh2 Rad8 22. Rhd2 Bxe4 23. fxe4 Qg4 24. Bc4 Rd7 25. Bc5 Rxd2 26. Rxd2 Ne6 27. Qxa7 Qxe4 28. Bxe6 Rxe6 29. a4 Qxh4 30. a5 Qxg5 31. Qb8+ Kh7 32. a6 Bh6 33. a7 Qxd2+ 34. Kb1 Qd1+ 35. Ka2 Qd5+ 36. Kb1 Rf6 37.
b3 Rf1+ 38. Ka2 Qd1 39. Ka3 Bd2 40. Ka4 Qa1+ 41. Ba3 Bc1 42. Qd6 Bxa3 43. Qxa3 Qxa3+ 44. Kxa3 Ra1+ 0-1

[Event "*** Titled Tuesday Blitz"]
[Site "Chess.com"]
[Date "2021.02.09"]
[Round "7"]
[White "ENajer77"]
[Black "ZarinaShafigullina"]
[Result "1-0"]
[WhiteElo "2630"]
[BlackElo "2425"]
[TimeControl "180+1"]
[EndTime "11:18:56 PST"]
[Termination "ENajer77 won by resignation"]

1. e4 c5 2. Nf3 Nc6 3. Bb5 g6 4. O-O Bg7 5. c3 Nf6 6. Re1 O-O 7. Qa4 Qc7 8. h3 e5 9. d3 Rd8 10. Nbd2 a6 11. Bxc6 dxc6 12. Qc2 Nh5 13. Nc4 b5 14. Ne3 Nf4 15. Rd1 h6 16. Nf1 g5 17. Ne3 Be6 18.
a4 Rd7 19. axb5 cxb5 20. c4 bxc4 21. dxc4 Rd4 22. Nd5 Bxd5 23. cxd5 f5 24. Bxf4 gxf4 25. Nxd4 exd4 26. exf5 Qe5 27. Qc4 Qxf5 28. d6+ Kh8 29. Rxa6 Rxa6 30. Qxa6 f3 31. Qa8+ Kh7 32. Qxf3 Qe6 33.
Qc6 Be5 34. Qb7+ Kg6 35. d7 Bf6 36. Qc8 Qd5 37. Qe8+ Kg7 38. Re1 d3 39. Re7+ Bxe7 40. Qxe7+ Kg6 41. d8=Q 1-0

[Event "*** Titled Tuesday Blitz"]
[Site "Chess.com"]
[Date "2021.02.09"]
[Round "7"]
[White "AttackSparrow"]
[Black "kakorrhaphiophobie"]
[Result "1-0"]
[WhiteElo "2484"]
[BlackElo "2330"]
[TimeControl "180+1"]
[EndTime "11:18:56 PST"]
[Termination "AttackSparrow won on time"]

1. e4 e6 2. d4 d5 3. Nd2 c5 4. exd5 Qxd5 5. Ngf3 cxd4 6. Bc4 Qd6 7. O-O Nf6 8. Nb3 Nc6 9. Nbxd4 Nxd4 10. Nxd4 a6 11. Re1 Be7 12. c3 Bd7 13. Qf3 Rc8 14. Bf4 Qb6 15.
Bb3 Bc6 16. Qg3 Nh5 17. Qg4 Nxf4 18. Qxf4 O-O 19. Nf5 Bf6 20. Nh6+ Kh8 21. Ng4 Qc7 22. Qe3 Be7 23. Bc2 Bd6 24. Qh3 g6 25. Nf6 Kg7 26. Ng4 h5 27. Ne3 Rcd8 28. Nc4 Be7 29. Ne5 Bf6 30.
Qg3 Bxe5 31. Rxe5 Rd5 32. Rae1 Rxe5 33. Rxe5 Rd8 34. h3 Rd5 35. f4 Rxe5 36. fxe5 Qd8 37. Qf4 Bd5 38. h4 Bxa2 39. b3 a5 40. Qa4 Qb6+ 41. Kh2 Qf2 42. Bd3 b6 43. Bb5 Qd2 44. Qc4 Bb1 45. Be8 Bd3 46. Qd4 Qe2 47. Qf4 1-0

[Event "*** Titled Tuesday Blitz"]
[Site "Chess.com"]
[Date "2021.02.09"]
[Round "7"]
[White "Arseniy_Nesterov"]
[Black "csati17"]
[Result "1-0"]
[WhiteElo "2807"]
[BlackElo "2571"]
[TimeControl "180+1"]
[EndTime "11:18:58 PST"]
[Termination "Arseniy_Nesterov won by resignation"]

1. d4 Nf6 2. c4 e6 3. Nf3 Bb4+ 4. Bd2 Qe7 5. g3 O-O 6. Bg2 Bxd2+ 7. Qxd2 d6 8. O-O e5 9. Nc3 Nc6 10. Nd5 Qd8 11.
dxe5 dxe5 12. Rad1 Bg4 13. Qe3 Bxf3 14. Bxf3 Qd6 15.
Nb6 Nd4 16. Nxa8 Rxa8 17. Bg2 c5 18. Qd3 Rd8 19. Kh1 Qe6 20. e3 e4 21. Qc3 Nc6 22. Rxd8+ Nxd8 23. Rd1 Nc6 24. h3 h5 25. b3 Qf5 26.
Qe1 g5 27. Qe2 Kg7 28. Kg1 Ne5 29. Rd6 g4 30. h4 Nf3+ 31. Bxf3 gxf3 32. Qf1 Qe5 33.
Rd2 Ng4 34. Rd1 Kg6 35. Rd5 Qc7 36. Rg5+ Kh6 37. Rd5 f6 38. Qe1 Qe7 39. Qf1 Kg6 40.
Qd1 Ne5 41. Qc2 f5 42. Qd1 Qe6 43. Rd6 1-0

[Event "*** Titled Tuesday Blitz"]
[Site "Chess.com"]
[Date "2021.02.09"]
[Round "7"]
[White "CSB7"]
[Black "mapleaff"]
[Result "0-1"]
[WhiteElo "2556"]
[BlackElo "2421"]
[TimeControl "180+1"]
[EndTime "11:18:58 PST"]
[Termination "mapleaff won by resignation"]

1. e4 c5 2. Nf3 d6 3. Bb5+ Nd7 4. O-O Nf6 5. Re1 a6 6. Bf1 e5 7. c3 Be7 8. d4 O-O 9. d5 b5 10. a4 Rb8 11. Na3 c4 12. b4 cxb3 13. axb5 axb5 14. Nxb5 Nc5 15. Nd2 Bg4 16. f3 Bd7 17. c4 Qb6 18. Kh1 Nh5 19. Nxb3 Bh4 20. Nxc5 dxc5 21. Re2 Ng3+ 22. Kg1 Nxe2+ 23. Bxe2 Bxb5 24.
cxb5 c4+ 25. Kh1 Qxb5 26. g3 Be7 27. Be3 Bc5 28. Qc1 Bxe3 29. Qxe3 Rfc8 30. Rc1 Qb3 31. Rc3 Qb1+ 32. Kg2 Qb2 33. d6 Rb3 34. d7 Rd8 35.
Rxc4 Rxe3 36. Rc8 Qxe2+ 37. Kh3 Qf1+ 38. Kg4 h5+ 39. Kg5 Qh3 40. Rxd8+ Kh7 41. Rh8+ Kxh8 42. d8=Q+ Kh7 43. Qh8+ Kxh8 0-1

[Event "*** Titled Tuesday Blitz"]
[Site "Chess.com"]
[Date "2021.02.09"]
[Round "7"]
[White "jefferyx"]
[Black "exoticprincess"]
[Result "0-1"]
[WhiteElo "2989"]
[BlackElo "2863"]
[TimeControl "180+1"]
[EndTime "11:18:59 PST"]
[Termination "exoticprincess won on time"]

1. e4 e5 2. Nf3 Nf6 3. Nc3 d6 4. d4 Nbd7 5. Bc4 Be7 6. a4 O-O 7. O-O a5 8. Re1 h6 9. h3 Re8 10. Be3 Bf8 11. Qd2 b6 12. Rad1 Bb7 13. d5 Be7 14. Bb5 Rf8 15. Nh2 Nc5 16. Bxc5 bxc5 17.
Nb1 Nd7 18. Na3 Nb6 19. Ng4 f5 20. exf5 Bxd5 21. Nc4 Bg5 22. Qe2 c6 23. Nxb6 Qxb6 24. c4 Bxg2 25. Kxg2 cxb5 26. axb5 Rxf5 27. Qe4 Raf8 28.
Qd5+ Kh7 29. Qxd6 Qxd6 30. Rxd6 h5 31. Rxe5 hxg4 32. Rxf5 Rxf5 33. hxg4 Rf4 34. b3 Rxg4+ 35. Kf3 Rf4+ 36. Kg3 Rf6 37. Rd5 Bf4+ 38. Kg2 Bd6 39. b6 Bf4 40. Rh5+ Kg6 41. Rxc5 Rxb6 42. Rxa5 Rxb3 43.
Rd5 Rc3 44. Rd4 Be5 45. Re4 Bf6 46. f3 Kf5 47. Kf2 Be5 48. Ke2 g5 49. Kf2 Bf4 0-1

[Event "*** Titled Tuesday Blitz"]
[Site "Chess.com"]
[Date "2021.02.09"]
[Round "7"]
[White "MVM2008"]
[Black "ViktoriyaTarasova"]
[Result "1/2-1/2"]
[WhiteElo "2126"]
[BlackElo "2307"]
[TimeControl "180+1"]
[EndTime "11:19:00 PST"]
[Termination "Game drawn by repetition"]

1. e4 e5 2. f4 d5 3. Nf3 exf4 4. exd5 Nf6 5. Nc3 Nxd5 6. Bc4 Be6 7. Bxd5 Bxd5 8.
Qe2+ Be7 9. d4 Be6 10. Bxf4 O-O 11. O-O-O c6 12. h4 h6 13. g4 Bxg4 14. h5 Nd7 15. Rdg1 f5 16. Qe6+ Kh8 17. Be5 Bf6 18. Nh4 Re8 19.
Ng6+ Kh7 20. Qc4 Nxe5 21. dxe5 Bxe5 22. Rxg4 fxg4 23. Qe4 Qg5+ 24. Kb1 Kg8 25. Nxe5 Qxe5 26. Qc4+ Kh8 27. Rd1 Rad8 28. Rxd8 Rxd8 29. a3 Qe1+ 30. Ka2 g3 31. Qf7 Qe8 32. Qf3 Qe6+ 33. b3 Qe5 34. Ne4 Kg8 35. Nxg3 Rf8 36. Qg4 Qc3 37. Qg6 Qf6 38.
Qe4 Qf4 39. Qd3 Qf3 40. Qc4+ Kh8 41. Ne4 Qf4 42. Qd3 Re8 43. Nd6 Rf8 44. Ne4 Qf3 45. Qd4 Qf4 46. Qd3 1/2-1/2

[Event "*** Titled Tuesday Blitz"]
[Site "Chess.com"]
[Date "2021.02.09"]
[Round "7"]
[White "cstevens1"]
[Black "ElCoachRene"]
[Result "1-0"]
[WhiteElo "2705"]
[BlackElo "2188"]
[TimeControl "180+1"]
[EndTime "11:19:00 PST"]
[Termination "cstevens1 won by checkmate"]

1. e4 Nc6 2. Nf3 d5 3. exd5 Qxd5 4. Nc3 Qa5 5. Bb5 Bg4 6. h3 Bd7 7. d4 a6 8. Bc4 e6 9. O-O Nf6 10. a3 Be7 11. Bf4 Bd6 12. Bxd6 cxd6 13. d5 Qc5 14. dxe6 fxe6 15. Ba2 O-O 16. Qe2 Rae8 17. Rad1 d5 18. Ne5 Nxe5 19. Qxe5 b5 20. Bb3 a5 21. a4 b4 22. Ne2 Ne4 23. Nd4 Qe7 24. f3 Qf6 25.
Qc7 Bc8 26. fxe4 Qg5 27. Rxf8+ Rxf8 28. Nf3 Qe3+ 29. Kh1 dxe4 30. Ne5 Qf4 31. Qd6 Qf6 32. Ng4 Qf5 33. Ne3 Qf6 34. Rf1 Qxf1+ 35. Nxf1 Rxf1+ 36. Kh2 Rf6 37. Qe5 Bd7 38. Qxe4 g6 39. Qa8+ Rf8 40.
Qxa5 Rb8 41. Qe5 Re8 42. Qd6 Bc8 43. Qxb4 Kf7 44. Qf4+ Kg8 45. Qe5 Kf7 46. a5 Re7 47. Bc4 Ra7 48. b4 Rd7 49. Bd3 Rd5 50. Qc7+ Bd7 51.
a6 Rd4 52. a7 Rxb4 53. Qxd7+ Kf6 54. a8=Q Rf4 55. Qf8+ Kg5 56. Qde7+ Kh5 57. Qxf4 g5 58. Qexg5# 1-0

[Event "*** Titled Tuesday Blitz"]
[Site "Chess.com"]
[Date "2021.02.09"]
[Round "7"]
[White "SaraciNderim"]
[Black "alejogarcia1999"]
[Result "1-0"]
[WhiteElo "2781"]
[BlackElo "2445"]
[TimeControl "180+1"]
[EndTime "11:19:01 PST"]
[Termination "SaraciNderim won by resignation"]

1. e4 c5 2. Nf3 e6 3. g3 d5 4. Nc3 Nf6 5. exd5 exd5 6. Bb5+ Bd7 7. Qe2+ Be7 8. d4 O-O 9. Bxd7 Nbxd7 10. O-O Re8 11.
dxc5 Nxc5 12. Rd1 Qd7 13. Be3 Rad8 14. Qb5 a6 15. Qxd7 Rxd7 16. Kg2 Red8 17. Ne2 Nce4 18. c3 b5 19. Ne5 Rd6 20. a4 Rb8 21. axb5 Rxb5 22. b4 Bd8 23. f3 Re6 24. Nd4 Nxc3 25.
Rd3 Rxe5 26. Rxc3 Rxb4 27. Nc6 Rb2+ 28. Kf1 Re8 29. Rxa6 d4 30. Bxd4 Nd5 31. Rca3 Rb1+ 32. Kf2 Rd1 33. Nxd8 Rxd4 34. Ra8 Rd2+ 35. Kf1 Nb4 36.
Nc6 Rd1+ 37. Kg2 Rd2+ 38. Kh3 Re2 39. Rxe8+ Rxe8 40. Nxb4 Rb8 41. Nc6 h6 42. Nxb8 1-0

[Event "*** Titled Tuesday Blitz"]
[Site "Chess.com"]
[Date "2021.02.09"]
[Round "7"]
[White "davigator"]
[Black "Kretov_Evgenij"]
[Result "0-1"]
[WhiteElo "2365"]
[BlackElo "2505"]
[TimeControl "180+1"]
[EndTime "11:19:02 PST"]
[Termination "Kretov_Evgenij won by resignation"]

1. e4 c5 2. Nf3 Nc6 3. d4 cxd4 4. Nxd4 g6 5. c4 Nf6 6. Nc3 d6 7. Be2 Nxd4 8. Qxd4 Bg7 9. Be3 O-O 10. Qd2 Be6 11.
f3 Qa5 12. Rc1 Rfc8 13. b3 a6 14. Nd5 Qxd2+ 15. Kxd2 Nxd5 16. cxd5 Bd7 17. f4 Bb2 18. Rc2 Rxc2+ 19. Kxc2 Ba3 20. Bd4 Rc8+ 21. Kd2 f5 22.
Bd3 Bb4+ 23. Ke2 fxe4 24. Bxe4 Bb5+ 25. Ke3 Ba3 26. Rd1 Bc1+ 27. Kf3 Bd7 28. h3 Kf7 29. g4 h5 30. f5 hxg4+ 31. hxg4 gxf5 32. Bxf5 Bxf5 33. gxf5 Bg5 34. Ke4 Rc2 35. a4 Re2+ 36.
Kf3 Rh2 37. Rd3 Rh3+ 38. Ke4 Rh4+ 39. Kf3 Rf4+ 40. Kg3 Rxf5 41. Kg4 Kg6 42. Bb6 Rf4+ 43. Kg3 Kf5 44. Bd8 Bh4+ 45. Kh3 Bf6 46. Kg3 Rd4 47. Rxd4 Bxd4 48. Bxe7 Ke5 49. Kf3 Kxd5 50. Ke2 Be5 51. Kd3 Kc5 52. Bg5 Kb4 53. Kc2 Ka3 54. Bc1+ Kb4 55. Bd2+ Kc5 56. Kd3 d5 57. Be3+ Kb4 58.
Kc2 Ka3 59. Bc1+ Ka2 60. Bd2 Bd4 61. Bb4 Be5 62. Bd2 d4 63. b4 Ka3 64. a5 Bd6 65. Kd3 Bxb4 66. Bc1+ Ka4 67. Kxd4 Kxa5 68. Kc4 Be1 69.
Kb3 b5 70. Be3 Bg3 71. Bd4 Bd6 72. Be3 b4 73. Bd2 Kb5 74. Bc1 a5 75. Bd2 a4+ 76. Ka2 b3+ 77. Kb1 Kc4 78. Bc1 a3 79. Bxa3 Bxa3 80.
Ka1 Kc3 81. Kb1 b2 82. Ka2 Kc2 0-1